 Dungeon Crawl Stone Soup version 0.21.1-1-g345015f (webtiles) character file.

2343 FRamirez the Cleaver (level 9, -1/80 HPs)
             Began as a Minotaur Berserker on Mar 20, 2018.
             Was an Elder of Trog.
             Slain by a hippogriff (6 damage)
             ... on level 8 of the Dungeon on Mar 22, 2018.
             The game lasted 00:44:10 (6602 turns).

FRamirez the Cleaver (Minotaur Berserker)           Turns: 6602, Time: 00:44:11

Health: -1/80      AC: -2    Str: 25      XL:     9   Next: 20%
Magic:  8/8        EV: 12    Int:  4      God:    Trog [****..]
Gold:   35         SH:  0    Dex:  6 (12) Spells: 8/8 levels left

rFire    + . .     SeeInvis .   l - +0 war axe (elec)
rCold    . . .     Gourm    .   (no shield)
rNeg     . . .     Faith    .   k - +2 robe
rPois    .         Spirit   .   A - -7 hat of Atheism {rElec Dex+2}
rElec    +         Reflect  .   (no cloak)
rCorr    .         Harm     .   (no gloves)
MR       .....                  (no boots)
Stlth    ++........             K - amulet of regeneration
HPRegen  0.63/turn              o - ring of protection from cold
MPRegen  0.11/turn              a - ring of fire

@: no status effects
A: retaliatory headbutt, horns 2
a: Berserk, Trog's Hand, Brothers in Arms, Burn Spellbooks, Renounce Religion


You were on level 8 of the Dungeon.
You worshipped Trog.
Trog was greatly pleased with you.
You were very hungry.

You visited 1 branch of the dungeon, and saw 8 of its levels.

You collected 345 gold pieces.
You spent 310 gold pieces at shops.

Inventory:

Hand Weapons
 d - a +3 hand axe of electrocution
 l - a +0 war axe of electrocution (weapon)
 y - a cursed +0 flail
 J - the +11 hunting sling "Uronuits" {freeze, rC- Str+5 Dex-5}
   (You found it on level 7 of the Dungeon)

   It causes projectiles fired from it to freeze those they strike, causing
   extra injury to most foes and up to half again as much damage against
   particularly susceptible opponents.
   They can also slow down cold-blooded creatures.
   It affects your strength (+5).
   It affects your dexterity (-5).
   It makes you vulnerable to cold.
Armour
 j - +0 acid dragon scales
 k - a +2 robe (worn)
 A - the -7 hat of Atheism (worn) {rElec Dex+2}
   (You acquired it on level 7 of the Dungeon)

   It affects your dexterity (+2).
   It insulates you from electricity.
Jewellery
 a - a ring of fire (right hand)
 m - an uncursed ring of protection from fire
 n - an uncursed ring of magical power
 o - a ring of protection from cold (left hand)
 v - an uncursed ring of protection from cold
 B - an uncursed ring of protection from fire
 K - an amulet of regeneration (around neck)
Wands
 g - a wand of polymorph (19)
 u - a wand of scattershot (2)
 w - a wand of disintegration (11)
 D - a wand of acid (15)
Scrolls
 b - 8 scrolls of teleportation
 e - 3 scrolls of immolation
 f - 6 scrolls of remove curse
 h - 5 scrolls of magic mapping
 i - 6 scrolls of identify
 q - a scroll of amnesia
 E - 2 scrolls of enchant armour
 F - a scroll of brand weapon
 G - a scroll of enchant weapon
 I - a scroll of torment {unknown}
Potions
 p - 3 potions of curing
 r - a potion of brilliance
 s - a potion of cancellation
 t - a potion of ambrosia
 x - 2 potions of mutation
 z - 2 potions of might
 C - a potion of invisibility {unknown}
Comestibles
 c - 11 rations


   Skills:
 + Level 7.7 Fighting
 + Level 10.7 Axes
 + Level 6.4 Armour
 + Level 4.2 Dodging
 + Level 2.1 Stealth
 + Level 0.4 Unarmed Combat
 + Level 0.9 Evocations


You had 8 spell levels left.
You didn't know any spells.

Dungeon Overview and Level Annotations

Branches:
Dungeon (8/15)             Temple (0/1) D:6
   Lair: D:8-11

Altars:
Sif Muna

Shops:
D:7 ?   D:8 !


Innate Abilities, Weirdness & Mutations

You reflexively headbutt those who attack you in melee.
You have a pair of horns on your head.


Message History

The hippogriff closely misses you.
You hit the hippogriff.
The hippogriff is severely wounded.
The hippogriff misses you. You furiously retaliate!
You headbutt the hippogriff. The hippogriff closely misses you. x2
You closely miss the hippogriff.
The hippogriff is severely wounded.
The hippogriff barely misses you. You furiously retaliate!
You headbutt the hippogriff. The hippogriff barely misses you.
The hippogriff claws you.
* * * LOW HITPOINT WARNING * * *
You completely miss the hippogriff. Your headbutt misses the hippogriff.
You punch the hippogriff.
The hippogriff is almost dead.
The hippogriff bites you!
* * * LOW HITPOINT WARNING * * *
The hippogriff pecks you!
* * * LOW HITPOINT WARNING * * *
The hippogriff claws you.
You die...

#..).........#.# ..
#............#.####..
##...........<......#
###...................#.
........).....?.........
.###...........$........
#......................
..........).............
...###>#.#.###..@.......
... ...#.#.......H......
## #.###.#######....$...
.$. #.. #.<...... $. ##.
......... .## #.
......... .........
..........


You could see a hippogriff.

Vanquished Creatures
  Pikel (D:4)
  A hippogriff (D:7)
  A hog (D:2)
  A hungry ghost (D:7)
  2 sky beasts
  4 slaves (D:4)
  4 ogres
  2 ice beasts
  A howler monkey (D:5)
  2 crimson imps
  A quasit (D:8)
  A bullfrog zombie (D:5)
  A gnoll shaman (D:7)
  2 orc wizards
  Jessica (D:7)
  An iguana (D:7)
  3 worker ants
  Natasha (twice) (D:2)
  Terence (D:2)
  A worker ant zombie (D:6)
  9 adders
  4 gnolls (D:7)
  A shadow imp (D:6)
  An ooze (D:1)
  2 worms
  A dart slug (D:1)
  5 leopard geckos
  15 orcs
  10 bats
  3 giant cockroaches
  6 goblins
  6 hobgoblins
  8 jackals
  4 quokkas
  6 frilled lizards
  9 kobolds
  15 rats
  2 plants (D:1)
140 creatures vanquished.

Notes
Turn   | Place    | Note
-------+----------+-------------------------------------------
     0 | D:1      | FRamirez the Minotaur Berserker began the quest for the Orb.
     0 | D:1      | Reached XP level 1. HP: 19/19 MP: 0/0
   222 | D:1      | Reached XP level 2. HP: 17/27 MP: 1/1
   338 | D:1      | Reached skill level 4 in Axes
   571 | D:1      | Reached XP level 3. HP: 32/33 MP: 2/2
  1266 | D:2      | Noticed Terence
  1280 | D:2      | Killed Terence
  1288 | D:2      | Reached XP level 4. HP: 41/41 MP: 3/3
  1333 | D:2      | Reached ** piety under Trog
  1624 | D:2      | Noticed Natasha
  1630 | D:2      | Reached skill level 5 in Axes
  1633 | D:2      | Killed Natasha
  1768 | D:2      | Noticed Natasha
  1783 | D:2      | Killed Natasha
  1783 | D:2      | Reached skill level 5 in Fighting
  1783 | D:2      | Reached XP level 5. HP: 48/48 MP: 4/4
  1790 | D:2      | Noticed Natasha
  1791 | D:2      | Noticed Natasha
  1791 | D:2      | Natasha changed into Natasha the centaur
  1794 | D:2      | Noticed Natasha
  1794 | D:2      | Natasha the centaur changed into Natasha the ogre
  1797 | D:2      | Noticed Natasha
  1797 | D:2      | Natasha the ogre changed into Natasha the hog
  1805 | D:2      | Killed Natasha the hog
  1805 | D:2      | Reached skill level 6 in Axes
  1805 | D:2      | Reached XP level 6. HP: 25/56 MP: 5/5
  3269 | D:4      | Noticed a slave
  3270 | D:4      | Noticed a slave
  3274 | D:4      | Noticed a slave
  3313 | D:4      | Noticed a slave
  3314 | D:4      | Noticed Pikel
  3322 | D:4      | Killed a slave
  3323 | D:4      | Killed a slave
  3324 | D:4      | Killed a slave
  3327 | D:4      | Killed a slave
  3334 | D:4      | Killed Pikel
  3334 | D:4      | Reached skill level 8 in Axes
  3334 | D:4      | Reached skill level 5 in Armour
  3334 | D:4      | Reached skill level 1 in Stealth
  3334 | D:4      | Reached XP level 7. HP: 56/63 MP: 6/6
  3538 | D:4      | You fall through a shaft for 2 floors!
  3617 | D:5      | Entered Level 5 of the Dungeon
  3679 | D:5      | Reached XP level 8. HP: 54/70 MP: 7/7
  3946 | D:5      | Reached *** piety under Trog
  3946 | D:5      | Reached skill level 9 in Axes
  5216 | D:6      | Found a staircase to the Ecumenical Temple.
  5458 | D:7      | Reached skill level 10 in Axes
  5493 | D:7      | Found Sedots's Magic Scroll Shoppe.
  5509 | D:7      | Bought 2 scrolls of enchant armour for 150 gold pieces
  5509 | D:7      | Bought a scroll of remove curse for 30 gold pieces
  5509 | D:7      | Bought a scroll of remove curse for 30 gold pieces
  5509 | D:7      | Bought a scroll of identify for 20 gold pieces
  5509 | D:7      | Bought a scroll of identify for 20 gold pieces
  5509 | D:7      | Bought a scroll of identify for 20 gold pieces
  5509 | D:7      | Bought a scroll of identify for 20 gold pieces
  5509 | D:7      | Bought a scroll of identify for 20 gold pieces
  5698 | D:7      | Noticed a hippogriff
  5708 | D:7      | Killed a hippogriff
  5836 | D:7      | Noticed Jessica
  5897 | D:7      | Killed Jessica
  5914 | D:7      | Found a deep blue altar of Sif Muna.
  5986 | D:7      | Reached XP level 9. HP: 23/79 MP: 8/8
  6004 | D:7      | Reached **** piety under Trog
  6079 | D:7      | Identified a scroll of acquirement
  6080 | D:7      | Got a crude hat
  6086 | D:7      | Identified the -7 hat of Atheism {rElec Dex+2} (You acquired it on level 7 of the Dungeon)
  6165 | D:7      | Got a faintly glowing hunting sling
  6166 | D:7      | Identified the +11 hunting sling "Uronuits" {freeze, rC- Str+5 Dex-5} (You found it on level 7 of the Dungeon)
  6542 | D:8      | Found Ates Vih's Distillery.
  6602 | D:8      | Slain by a hippogriff

Skill      XL: |  1  2  3  4  5  6  7  8  9 |
---------------+----------------------------+-----
Axes           | 4 5 6 8 10 | 10.7
Fighting       | 4 5 6 7 |  7.7
Armour         | 3 4 5 6 |  6.4
Dodging        | 3 4 |  4.2
Stealth        | 1 2 |  2.1
Unarmed Combat | |  0.4
Evocations     | |  0.9

Action                   |  1- 3 |  4- 6 |  7- 9 || total
-------------------------+-------+-------+-------++-------
Melee: Hand axe          |   131 |    61 |     1 ||   193
       Headbutt          |    30 |    18 |    23 ||    71
       Unarmed           |     9 |       |       ||     9
       War axe           |       |    47 |   137 ||   184
       Punch             |       |       |     1 ||     1
Invok: Berserk           |       |     1 |       ||     1
Evoke: Wand              |       |     6 |     1 ||     7
  Use: Potion            |     3 |       |     5 ||     8
       Scroll            |       |     5 |    11 ||    16
  Eat: Chunk             |     1 |     4 |     5 ||    10
       Ration            |       |     1 |     2 ||     3
Armor: Chain mail        |    46 |    14 |       ||    60
       Skin              |       |     7 |       ||     7
       Acid dragon scale |       |    26 |    30 ||    56
       Robe              |       |       |     4 ||     4
Dodge: Dodged            |    35 |    45 |    89 ||   169
